 Dungeon Crawl Stone Soup version 0.28.0 (webtiles) character file.

Game seed: 11101096348128011100

243 DrunkBamboolord the Grave Robber (level 5, 0/28 HPs)
             Began as a Deep Elf Necromancer on Feb 7, 2022.
             Slain by a frilled lizard (3 damage)
             ... in a sewer.
             The game lasted 00:09:11 (4944 turns).

DrunkBamboolord the Grave Robber (DENe)             Turns: 4944, Time: 00:09:15

Health: 0/28       AC:  3    Str:  5    XL:     5   Next: 82%
Magic:  0/15       EV: 13    Int: 22    God:
Gold:   37         SH:  5    Dex: 15    Spells: 6/15 levels left

rFire   . . .      SeeInvis .   b - +2 quarterstaff (chaos)
rCold   . . .      Faith    .   (shield currently unavailable)
rNeg    . . .      Spirit   .   j - +0 robe
rPois   .          Reflect  +   (no helmet)
rElec   .          Harm     .   l - +0 cloak
rCorr   .          Rampage  .   (no gloves)
Will    .....                   (no boots)
Stlth   ++........              m - amulet of reflection
HPRegen 0.09/turn               (no ring)
MPRegen 0.14/turn               (no ring)

@: no status effects
A: no striking features
a: no special abilities


You were in a sewer.
You visited 1 branch of the dungeon, and saw 4 of its levels.
You also visited: Sewer.

You collected 37 gold pieces.

Inventory:

Hand Weapons
 a - a +0 short sword
 b - a +2 quarterstaff of chaos (weapon)
Missiles
 i - 4 boomerangs of dispersal
Armour
 j - a +0 robe (worn)
 l - a +0 cloak (worn)
Jewellery
 m - an amulet of reflection (around neck)
Scrolls
 d - 2 scrolls of summoning
 o - a scroll of blinking
Potions
 c - a potion of invisibility
 e - a potion of brilliance {unknown}
 f - 3 potions of degeneration {unknown}
 g - a potion of haste
 h - a potion of attraction
 k - 2 potions of might {unknown}
 n - a potion of lignification {unknown}
 p - a potion of heal wounds {unknown}


   Skills:
 * Level 0.9 Staves
 * Level 3.2 Dodging
 + Level 2.4 Stealth
 * Level 5.8 Spellcasting
 * Level 6.6 Necromancy


You had 6 spell levels left.
You knew the following spells:

 Your Spells              Type           Power      Damage    Failure   Level
a - Pain                  Necr           100%       1d9       1%          1
b - Animate Skeleton      Necr           70%        N/A       1%          1
c - Vampiric Draining     Necr           35%        2d8       1%          3
d - Animate Dead          Necr           17%        N/A       6%          4

Your spell library contained the following spells:

 Spells                   Type           Power      Damage    Failure   Level
 Blink                    Tloc           12%        N/A       14%         2
 Agony                    Necr           35%        N/A       17%         5
 Lesser Beckoning         Tloc           6%         N/A       28%         3
 Stone Arrow              Conj/Erth      12%        3d7       28%         3
 Animate Armour           Summ/Erth      12%        N/A       67%         4
 Manifold Assault         Tloc           6%         N/A       95%         5
 Lehudib's Crystal Spear  Conj/Erth      3%         10d2      100%        8


Dungeon Overview and Level Annotations

Branches:
Dungeon (4/15)              Sewer (1/1)
 Temple: D:4-7

Altars:
Hepliaklqana
Uskayaw
Xom
The Shining One


Message History

Aiming: Pain (safe; 1% risk of failure)
Press: ? - help, Q - select action, (/) - cycle Shift-Dir - straight line, f - bullfrog, p - bullfrog
Aim: a bullfrog (almost dead, chance to affect: 83%)
The bullfrog writhes in agony!
You kill the bullfrog!
The bullfrog hits you. The ball python barely misses you.
The ball python misses you.
Casting: Pain (safe; 1% risk of failure)
Confirm with . or Enter, or press ? or * to list all spells.
Aiming: Vampiric Draining (safe; 1% risk of failure)
Press: ? - help, Shift-Dir - straight line, f - ball python
Aim: a ball python You draw life force from the ball python!
You kill the ball python!
You feel life coursing into your body. The bullfrog closely misses you.
The bullfrog hits you.
* * * LOW HITPOINT WARNING * * *
Casting: Vampiric Draining (safe; 1% risk of failure)
Confirm with . or Enter, or press ? or * to list all spells.
Aiming: Vampiric Draining (safe; 1% risk of failure)
Press: ? - help, Shift-Dir - straight line, f - bullfrog
Aim: a bullfrog (heavily wounded)
You draw life force from the bullfrog!
You feel life coursing into your body. The bullfrog misses you.
The bullfrog closely misses you.
You closely miss the bullfrog.
The bullfrog is severely wounded.
The bullfrog hits you. You block the bullfrog's attack.
You closely miss the bullfrog.
The bullfrog is severely wounded.
The bullfrog hits you.
* * * LOW HITPOINT WARNING * * *
The bullfrog closely misses you.
Aiming: Pain (safe; 1% risk of failure)
Press: ? - help, Q - select action, (/) - cycle Shift-Dir - straight line, f/p - bullfrog
Aim: a bullfrog (severely wounded, chance to affect: 83%)
The bullfrog writhes in agony!
You kill the bullfrog!
The frilled lizard bites you.
You die...

########################≈###
...≈≈≈≈≈≈≈.....≈≈...≈†≈.≈..#
≈≈≈≈≈≈≈≈≈≈≈≈≈≈≈≈≈≈≈≈≈≈≈≈≈≈.#
≈≈≈≈≈≈≈≈≈≈≈≈≈≈≈≈≈≈≈≈≈≈≈≈≈≈.#
≈≈≈≈≈≈≈≈≈≈≈≈≈≈≈≈≈≈≈≈≈≈≈≈≈≈.#
†...≈.≈≈≈≈.≈..≈≈≈≈≈≈≈≈.≈≈..#
################≈≈≈≈≈##≈≈≈##
# #≈≈≈≈≈##≈≈≈# #
#@≈≈≈≈##.≈≈# # #####
#.l≈≈.##≈≈.# #
≈≈≈≈≈###.≈≈≈.##≈≈.# #
≈≈≈≈≈≈≈#.≈≈≈÷##.≈≈# #
≈≈≈≈≈≈≈#.≈≈≈.##.≈.# #
≈≈≈≈≈≈≈≈.≈≈≈.###≈## #
≈≈≈≈≈≈≈≈.≈≈≈.# #.# #
≈≈≈≈≈≈≈≈.≈≈≈.# #.# #
≈≈.≈≈≈≈≈.≈≈≈.# #∩#


You could see a frilled lizard.

Vanquished Creatures
  2 bullfrogs (Sewer)
  Crazy Yiuf (D:2)
  3 adders
  2 river rats (D:4)
  3 worms
  3 dart slugs
  An orc (D:3)
  5 bats
  7 endoplasms
  5 giant cockroaches
  6 goblins
  6 hobgoblins
  2 jackals (D:3)
  8 quokkas
  12 ball pythons
  10 frilled lizards
  11 kobolds
  4 rats
91 creatures vanquished.

Vanquished Creatures (others)
  6 plants (D:2)
6 creatures vanquished.

Grand Total: 97 creatures vanquished

Notes
Turn   | Place    | Note
-------+----------+-------------------------------------------
     0 | D:1      | DrunkBamboolord the Deep Elf Necromancer began the quest
                  | for the Orb.
     0 | D:1      | Reached XP level 1. HP: 10/10 MP: 6/6
     2 | D:1      | Learned a level 1 spell: Animate Skeleton
   209 | D:1      | Reached skill level 5 in Necromancy
   667 | D:1      | Reached XP level 2. HP: 10/15 MP: 2/8
  1245 | D:1      | Found a faded altar of an unknown god.
  2065 | D:2      | Reached XP level 3. HP: 18/19 MP: 7/9
  2069 | D:2      | Learned a level 3 spell: Vampiric Draining
  2503 | D:2      | Found a runed translucent door.
  2504 | D:2      | Noticed Crazy Yiuf
  2515 | D:2      | Killed Crazy Yiuf
  2516 | D:2      | Reached XP level 4. HP: 7/24 MP: 1/12
  3647 | D:3      | Reached skill level 6 in Necromancy
  4025 | D:3      | Reached skill level 5 in Spellcasting
  4163 | D:3      | Found a glowing golden altar of the Shining One.
  4171 | D:3      | Learned a level 4 spell: Animate Dead
  4234 | D:3      | Found a shimmering altar of Xom.
  4380 | D:3      | Found a hazy altar of Hepliaklqana.
  4380 | D:3      | Found a hide-covered altar of Uskayaw.
  4415 | D:4      | Found a glowing drain.
  4432 | D:4      | Reached XP level 5. HP: 22/28 MP: 2/14
  4445 | Sewer    | Entered a sewer
  4944 | Sewer    | Slain by a frilled lizard

Illustrated notes

Levels and vault maps discovered:
D:1:      lightli_arrival_windingriver, layout_basic, serial_forest,
          infiniplex_forest_clump_diagonal, infiniplex_forest_clump_tiny,
          infiniplex_forest_end_2, infiniplex_forest_diagonal,
          infiniplex_forest_end_3, infiniplex_forest_clump_double,
          infiniplex_forest_lined_2, dilly_ecumenical_altar_fadedgnrine,
          minmay_misc_feat_doors
D:2:      layout_loops_corners, lexackson_kobold_supper, uniq_crazy_yiuf_cottage
D:3:      layout_rooms, marbit_many_paths, gammafunk_temple_overflow_statue,
          mainiacjoe_overflow_paths, nrook_loot_triangle,
          minmay_misc_feat_secret_circle, minmay_quantized
D:4:      layout_basic, nicolae_sif_muna_condensation, portal_sewer_entry_a,
          serial_shops, nicolae_shop_bloodbath_and_beyond,
          lightli_corner_chamber
Sewer:    sewer_frog_island_01

Skill      XL: |  1  2  3  4 |
---------------+-------------+-----
Necromancy     | 5 6 |  6.6
Dodging        | 3 |  3.2
Spellcasting   | 4 5 |  5.8
Staves         | |  0.9
Stealth        | |  2.4

Action                   |  1- 3 |  4- 6 || total
-------------------------+-------+-------++-------
Melee: Unarmed           |     1 |       ||     1
       Quarterstaff      |       |    12 ||    12
 Cast: Pain              |    64 |    93 ||   157
       Vampiric Draining |     2 |     9 ||    11
  Use: Scroll            |     2 |     4 ||     6
Armor: Robe              |     2 |     6 ||     8
Dodge: Dodged            |     9 |    29 ||    38
Block: Other             |       |     6 ||     6
